 Dungeon Crawl Stone Soup version 0.28.0-47-ge53b351184 (webtiles) character file.

Game seed: 6970385302237679406

813 Erymatos the Chopper (level 7, -5/96 HPs)
             Began as a Minotaur Berserker on May 2, 2022.
             Was a Believer of Trog.
             Engulfed by a cloud of steam (8 damage)
             ... on level 5 of the Dungeon.
             The game lasted 00:06:24 (4300 turns).

Erymatos the Chopper (Minotaur Berserker)           Turns: 4300, Time: 00:06:25

Health: -5/96      AC: 15    Str: 21    XL:     7   Next: 61%
Magic:  6/6        EV: 11    Int:  4    God:    Trog [**....]
Gold:   165        SH:  0    Dex: 12    Spells: 6/6 levels left

rFire   . . .      SeeInvis .   r - +0 flail (protect)
rCold   . . .      Faith    .   (no shield)
rNeg    . . .      Spirit   .   h - +0 scale mail
rPois   .          Reflect  .   (helmet restricted)
rElec   .          Harm     .   (no cloak)
rCorr   .          Rampage  .   g - +0 pair of gloves
Will    .....                   (no boots)
Stlth   ..........              (no amulet)
HPRegen 0.26/turn               (no ring)
MPRegen 0.10/turn               (no ring)

@: berserking (expiring), under a protective aura, very quick
A: horns 2, retaliatory headbutt
a: Renounce Religion, Berserk, Trog's Hand


You were on level 5 of the Dungeon.
You worshipped Trog.
Trog was pleased with you.
You visited 1 branch of the dungeon, and saw 5 of its levels.

You collected 165 gold pieces.

Inventory:

Hand Weapons
 a - a +0 hand axe
 r - a +0 flail of protection (weapon)
Armour
 b - a +0 animal skin
 g - a +0 pair of gloves (worn)
 h - a +0 scale mail (worn)
Jewellery
 l - an amulet of faith
Wands
 i - a wand of polymorph (8)
 m - a wand of acid (5)
Scrolls
 c - a scroll of enchant armour {unknown}
 e - 2 scrolls of blinking {unknown}
 f - a scroll of torment {unknown}
 o - 3 scrolls of immolation {unknown}
 p - 2 scrolls of identify {unknown}
 q - a scroll of enchant weapon {unknown}
 s - a scroll of vulnerability {unknown}
Potions
 d - a potion of curing {unknown}
 j - a potion of ambrosia {unknown}
 k - 6 potions of heal wounds {unknown}
 n - 2 potions of might {unknown}


   Skills:
 * Level 6.4 Fighting
 + Level 7.5 Axes
 + Level 5.5 Armour
 + Level 3.5 Dodging


You had 6 spell levels left.
You didn't know any spells.
Your spell library was empty.

Dungeon Overview and Level Annotations

Branches:
Dungeon (5/15)
 Temple: D:4-7

Altars:
Ashenzari

Shops:
D:1 !   D:2 [

Annotations:
D:5 3 runed translucent doors, L33tCrusader's ghost, amateur FeBe


Innate Abilities, Weirdness & Mutations

You have a pair of horns on your head.
You reflexively headbutt those who attack you in melee.


Message History

You feel yourself moving faster!
You feel mighty! The steam dragon breathes steam at you.
The ball of steam hits you!
You closely miss the steam dragon. Your headbutt misses the steam dragon.
The steam dragon is lightly wounded.
You are engulfed in a cloud of scalding steam.
* * * LOW HITPOINT WARNING * * *
Unknown command.
You hit the steam dragon but do no damage.
Your weapon exudes an aura of protection.
The steam dragon is lightly wounded.
The steam dragon barely misses you.
The steam dragon claws you but does no damage.
Unknown command.
You closely miss the steam dragon. Your headbutt misses the steam dragon.
The steam dragon is lightly wounded.
You are engulfed in a cloud of scalding steam.
The steam dragon bites you but does no damage.
The steam dragon claws you but does no damage.
You hit the steam dragon.
The steam dragon is moderately wounded.
The steam dragon bites you but does no damage.
The steam dragon misses you.
You sock the steam dragon!
The steam dragon is heavily wounded.
You sock the steam dragon!
The steam dragon is almost dead.
The steam dragon bites you but does no damage.
The steam dragon claws you but does no damage.
Unknown command.
You closely miss the steam dragon. Your headbutt misses the steam dragon.
The steam dragon is almost dead.
The steam dragon breathes steam at you. The ball of steam hits you!!
* * * LOW HITPOINT WARNING * * *
You thump the steam dragon!
You kill the steam dragon!
Trog accepts your kill.
You are engulfed in a cloud of scalding steam.
You die...

#.######.# ## #.# #.# .# #.#
#.. .# #.######## .#
#......... #### .###
########## #. #>. ...
......... #.
#.#######.######........#
#.##.....§§@................
#.##.######§?.......######.#
#....######.........######'#
#.............!.............
#...###############.........
#...###### #.......).
#.......... ...........
#.#.####### ..#........
#.#.# #...#........


There were no monsters in sight!

Vanquished Creatures
  Eustachio (D:4)
  A steam dragon (D:5)
  Edmund (D:4)
  An ogre (D:4)
  A necrophage (D:4)
  A scorpion (D:5)
  A wyvern skeleton (D:5)
  A bullfrog zombie (D:5)
  A hound (D:5)
  Jessica (D:2)
  An iguana (D:5)
  A hound zombie (D:5)
  A hound skeleton (D:5)
  5 adders
  3 ufetubi (D:5)
  A dart slug (D:1)
  5 orcs
  11 endoplasms
  4 giant cockroaches
  6 goblins
  3 hobgoblins
  A quokka (D:1)
  7 ball pythons
  5 bats
  3 frilled lizards
  11 kobolds
  6 rats
84 creatures vanquished.

Notes
Turn   | Place    | Note
-------+----------+-------------------------------------------
     0 | D:1      | Erymatos the Minotaur Berserker began the quest for the
                  | Orb.
     0 | D:1      | Reached XP level 1. HP: 19/19 MP: 0/0
   269 | D:1      | Reached XP level 2. HP: 21/27 MP: 1/1
   387 | D:1      | Reached skill level 4 in Axes
   572 | D:1      | Found Demiv's Distillery.
   959 | D:2      | Reached XP level 3. HP: 33/33 MP: 2/2
   964 | D:2      | Noticed Jessica
   969 | D:2      | Killed Jessica
  1122 | D:2      | Reached ** piety under Trog
  1717 | D:2      | Reached XP level 4. HP: 40/41 MP: 3/3
  1766 | D:2      | Found Ferat's Armour Shoppe.
  1869 | D:3      | Reached skill level 5 in Axes
  2182 | D:3      | Found a faded altar of an unknown god.
  2804 | D:4      | Found a broken altar of Ashenzari.
  2811 | D:4      | Noticed a necrophage
  2821 | D:4      | Killed a necrophage
  2822 | D:4      | Reached skill level 5 in Fighting
  2822 | D:4      | Reached XP level 5. HP: 48/48 MP: 4/4
  2872 | D:4      | Noticed Eustachio
  2880 | D:4      | Killed Eustachio
  2881 | D:4      | Reached skill level 6 in Axes
  2881 | D:4      | Reached XP level 6. HP: 56/56 MP: 5/5
  3386 | D:4      | Noticed Edmund
  3400 | D:4      | Killed Edmund
  3401 | D:4      | Reached skill level 7 in Axes
  3401 | D:4      | Reached XP level 7. HP: 62/62 MP: 6/6
  3664 | D:5      | Entered Level 5 of the Dungeon
  3723 | D:5      | Reached skill level 5 in Armour
  4138 | D:5      | Found a runed translucent gate.
  4138 | D:5      | Found a runed translucent gate.
  4138 | D:5      | Found a runed translucent gate.
  4138 | D:5      | Noticed L33tCrusader's ghost (amateur FeBe)
  4286 | D:5      | Noticed a steam dragon
  4299 | D:5      | HP: 3/96 [steam dragon/ball of steam (26)]
  4300 | D:5      | Killed a steam dragon
  4300 | D:5      | Engulfed by a cloud of steam

Illustrated notes

Levels and vault maps discovered:
D:1:      dpeg_arrival_tiny_h, layout_loops_ring, serial_shops, shop_fountains,
          minmay_misc_feat_plants, minmay_pentomino_r4
D:2:      layout_basic, serial_shops, shop, uniq_jessica
D:3:      layout_basic, ebering_ecumenical_altar_mist
D:4:      layout_loops_ring, lemuel_crystal_altar, grunt_decor_cap,
          uniq_eustachio, uniq_edmund
D:5:      layout_basic, ebering_ghost_rock_garden, st_stairs_8

Skill      XL: |  1  2  3  4  5  6  7 |
---------------+----------------------+-----
Fighting       | 4 5 6 |  6.4
Axes           | 4 5 6 7 |  7.5
Armour         | 3 4 5 |  5.5
Dodging        | 3 |  3.5

Action                   |  1- 3 |  4- 6 |  7- 9 || total
-------------------------+-------+-------+-------++-------
Melee: Hand axe          |    72 |    91 |       ||   163
       Headbutt          |     9 |    13 |    12 ||    34
       Punch             |     1 |       |       ||     1
       Flail             |       |       |    47 ||    47
Invok: Berserk           |       |     3 |     1 ||     4
 Stab: Sleeping          |     1 |       |       ||     1
Armor: Animal skin       |     4 |       |       ||     4
       Scale mail        |    10 |    38 |    33 ||    81
Dodge: Dodged            |    43 |    48 |    34 ||   125
